 Dungeon Crawl Stone Soup version 0.22.0-6-g71bd7aa6b3 (webtiles) character file.

2131074 GordonOverkill the Conqueror (level 27, 246/246 HPs)
             Began as a Halfling Air Elementalist on Aug 15, 2018.
             Was the Champion of Trog.
             Escaped with the Orb
             ... and 4 runes on Aug 16, 2018!
             The game lasted 04:25:30 (92248 turns).

GordonOverkill the Conqueror (HaAE)                Turns: 92248, Time: 04:25:31

Health: 246/246    AC: 53    Str: 21    XL:     27
Magic:  28/28      EV: 26    Int: 17    God:    Trog [******]
Gold:   3982       SH: 18    Dex: 26    Spells: 29/29 levels left

rFire    + + .     SeeInvis +   a - +9 eveningstar (freeze)
rCold    + + .     Gourm    .   k - +2 shield
rNeg     + + +     Faith    .   c - +10 gold dragon scales
rPois    +         Spirit   .   d - +2 helmet
rElec    .         Reflect  .   H - +2 cloak {MR+}
rCorr    .         Harm     .   E - +2 pair of gloves of Nemelex Xobeh's Wrath {-Cast rF+ Int+2}
MR       ++++.     NoCast   +   W - +2 pair of boots {Stlth+}
Stlth    ..........             q - amulet "Naoppeix" {rC+ rN+ Regen+ Str+3 Stlth+}
HPRegen  0.91/turn              T - ring of see invisible
MPRegen  0.21/turn              C - ring of Liowul {rN++ MR+ Dex+7 Stlth+}

@: hasted, very quick
A: small, clever 1, mutation resistance 1, robust 1
0: Orb of Zot
}: 4/15 runes: barnacled, slimy, silver, gossamer
a: Berserk, Trog's Hand, Brothers in Arms, Renounce Religion


You escaped.
You worshipped Trog.
Trog was exalted by your worship.
You were not hungry.

You visited 13 branches of the dungeon, and saw 59 of its levels.
You also visited: Trove.

You collected 8475 gold pieces.
You spent 4493 gold pieces at shops.

Inventory:

Hand Weapons
 a - a +9 eveningstar of freezing (weapon)
 b - a +4 morningstar of holy wrath
Missiles
 D - 10 throwing nets (quivered)
Armour
 c - +10 gold dragon scales (worn)
 d - a +2 helmet (worn)
 h - the cursed +0 cloak of Haitott {Int+4}
   (You found it on level 5 of the Vaults)

   It affects your intelligence (+4).
   It has a curse placed upon it.
 j - the +0 cloak of Fyanik {+Inv rF- rN+ Slay+5}
   (You found it on level 1 of the Spider Nest)

   It affects your accuracy and damage with ranged weapons and melee attacks
   (+5).
   It makes you vulnerable to fire.
   It protects you from negative energy.
   It lets you turn invisible.
 k - a +2 shield (worn)
 E - the +2 pair of gloves of Nemelex Xobeh's Wrath (worn) {-Cast rF+ Int+2}
   (You found it in a treasure trove)

   It affects your intelligence (+2).
   It protects you from fire.
   It prevents spellcasting.
 H - a +2 cloak of magic resistance (worn)
 W - a +2 pair of boots of stealth (worn)
Jewellery
 q - the amulet "Naoppeix" (around neck) {rC+ rN+ Regen+ Str+3 Stlth+}
   (You took it off a vampire knight on level 1 of the Vaults)

   [amulet of regeneration]

   It affects your strength (+3).
   It protects you from cold.
   It protects you from negative energy.
   It increases your rate of regeneration.
   It makes you more stealthy.
 y - an uncursed ring of fire
 C - the ring of Liowul (right hand) {rN++ MR+ Dex+7 Stlth+}
   (You found it on level 5 of the Pits of Slime)

   [ring of protection from magic]

   It affects your dexterity (+7).
   It greatly protects you from negative energy.
   It affects your resistance to hostile enchantments.
   It makes you more stealthy.
 T - a ring of see invisible (left hand)
 X - a +3 ring of slaying
 Z - the amulet of Zoaphudgh {RegenMP +Blink rF+ Dex-3}
   (You took it off an ogre mage on level 5 of the Vaults)

   [amulet of magic regeneration]

   It increases your magic regeneration.
   It affects your dexterity (-3).
   It protects you from fire.
   It lets you blink.
Wands
 u - a wand of acid (52)
 v - a wand of paralysis (45)
 x - a wand of iceblast (49)
 R - a wand of digging (6)
 V - a wand of clouds (17)
Scrolls
 i - 14 scrolls of teleportation
 m - 9 scrolls of fog
 n - 3 scrolls of holy word
 r - 27 scrolls of remove curse
 t - 4 scrolls of silence
 A - 9 scrolls of identify
 F - 6 scrolls of fear
 K - 11 scrolls of blinking
 M - 3 scrolls of summoning
 Q - 7 scrolls of magic mapping
Potions
 f - 10 potions of mutation
 g - 5 potions of haste
 l - 11 potions of cancellation
 p - 15 potions of curing
 z - 3 potions of resistance
 G - 17 potions of heal wounds
 L - 9 potions of agility
 N - 5 potions of invisibility
 P - 3 potions of berserk rage
 S - 5 potions of flight
Comestibles
 e - 38 rations


   Skills:
 O Level 27 Fighting
 + Level 18.8 Maces & Flails
 O Level 27 Armour
 O Level 27 Dodging
 - Level 2.1 Stealth
 - Level 15.0 Shields
 - Level 1.5 Spellcasting
   Level 0.7 Conjurations
   Level 3.0 Air Magic
 - Level 7.0 Evocations


You had 29 spell levels left.
You didn't know any spells.
Your spell library contained the following spells:

 Spells                   Type           Power        Failure   Level  Hunger
 Lightning Bolt           Conj/Air       #.........   100%        5    ######.
 Shock                    Conj/Air       #...         85%         1    ##.....
 Swiftness                Chrm/Air       #.......     96%         2    ###....
 Airstrike                Air            ##........   100%        4    #####..
 Static Discharge         Conj/Air       #.......     99%         3    ####...


Dungeon Overview and Level Annotations

Branches:
Dungeon (15/15)            Temple (1/1) D:5            Lair (6/6) D:10
 Shoals (4/4) Lair:2       Spider (4/4) Lair:3        Slime (5/5) Lair:6
    Orc (2/2) D:9             Elf (3/3) Orc:2        Vaults (5/5) D:14
  Crypt (3/3) Vaults:2       Tomb (0/3) Crypt:3      Depths (5/5) D:15
   Hell (1/1)                 Dis (0/7) Hell            Geh (0/7) Hell
    Coc (0/7) Hell            Tar (0/7) Hell            Zot (5/5) Depths:5

Altars:
Ashenzari
Cheibriados
Dithmenos
Elyvilon
Fedhas
Gozag
Hepliaklqana
Kikubaaqudgha
Makhleb
Nemelex Xobeh
Okawaru
Qazlal
Ru
Sif Muna
Trog
Uskayaw
Vehumet
Wu Jian
Xom
Yredelemnul
Zin
The Shining One
Jiyva

Shops:
D:12 %   D:13 :   Orc:1 [%   Orc:2 [[(=   Elf:1 ?   Shoals:4 (   Vaults:2 !
Vaults:5 ?!%

Portals:
Hell: Depths:1 Depths:2 Depths:3 Depths:4 Depths:5
Abyss: Depths:1 Depths:2 Depths:4
Pandemonium: Depths:3 Depths:5
Ziggurat: Depths:5


Innate Abilities, Weirdness & Mutations

You are small and have problems with some larger weapons.
You are somewhat resistant to further mutation.
Your mind is acute. (Int +2)
You are robust. (+10% HP)


Message History

You climb upwards.
There is a stone staircase leading down here.
You hit the sun demon but do no damage.
The sun demon hits you but does no damage.
You completely miss the sun demon. You block the sun demon's attack.
Your gold dragon scales prevents you from hitting the sun demon.
You block the sun demon's attack.
You impale the sun demon!! You freeze the sun demon.
The sun demon is heavily wounded.
You impale the sun demon!! You freeze the sun demon.
You kill the sun demon!
Trog accepts your kill.
No target in view!
No target in view!
No target in view!
HP restored.
A rust devil comes into view.
You feel yourself speed up.
There is a staircase leading out of the dungeon here.
You have escaped!

.#......#### #....# ######.......
.....[..## #....# #.######
.........### #....# #.#
.#########8####...## #.# # .#
##.4.....##...##### #.# # .#
##.#######4##......###.###### ##
##.##....8#.8######..........# #
#.##.###.##.### ###.........
#.#.##8#.#.##@######.......... #
##.#.#....#.#..#....#.....###.# #
#8.#.#.#8##.#.##....#.##..###.#
####.#.#.###.##.#.....#.#....#..#
..##4#.##...##.##.4.....#..#...##
..##.##.#####.##.#.....#......##
...##.##.....##.##..##...###.>##
....##.#######.###.###.#..(....##
..#..##.....4.###..#.......##...#


There were no monsters in sight!

Vanquished Creatures
  3 pandemonium lords
  5 ancient liches
  3 orbs of fire (Zot:5)
  Mara (Vaults:3)
  2 juggernauts (Depths:2)
  Sojobo (Depths:1)
  A curse toe (Zot:2)
  Saint Roka (Depths:4)
  11 caustic shrikes
  4 Killer Klowns (Zot:5)
  11 golden dragons
  Geryon (Hell)
  Nikola (Spider:1)
  A profane servitor (D:14)
  A bone dragon (Crypt:3)
  5 electric golems (Zot:5)
  3 liches
  25 tentacled monstrosities
  Asterion (Depths:3)
  26 Orb Guardians
  2 deep elf master archers (Elf:3)
  8 quicksilver dragons
  The ghost of Snarbu88 the Executioner, an adept MiFi of Okawaru (D:15)
  7 titans
  9 acid blobs
  3 deep elf blademasters
  7 ancient champions
  7 tengu reavers
  10 sphinxes
  11 death cobs
  Polyphemus (Shoals:2)
  19 shadow dragons
  15 storm dragons
  6 azure jellies
  7 draconian monks
  Donald (Crypt:2)
  17 fire giants
  9 draconian knights
  2 iron dragons
  2 balrugs
  7 deep elf sorcerers
  Louise (Spider:1)
  A cacodemon (Depths:5)
  18 vault wardens
  2 emperor scorpions (Spider:4)
  8 ghost moths
  The ghost of Elilow the Spry, a journeyman BaHu of Okawaru (D:14)
  9 draconian scorchers
  4 frost giants
  2 curse skulls (Crypt:1)
  9 deep elf elementalists
  An angel (Zot:3)
  7 draconian annihilators
  2 war gargoyles
  4 entropy weavers
  3 draconian shifters
  4 spriggan defenders
  31 very ugly things
  28 stone giants
  3 caustic shrike skeletons (Crypt:3)
  15 ironheart preservers
  5 draconian stormcallers
  9 vampire knights
  3 black draconians
  8 deep elf demonologists
  6 green draconians
  2 reapers (Hell)
  13 deep elf annihilators
  2 lorocyprocas (Depths:5)
  11 yellow draconians
  16 purple draconians
  5 spark wasps
  10 red draconians
  16 white draconians
  20 ettins
  2 merfolk javelineers
  4 blizzard demons
  10 deep elf death magi
  4 merfolk impalers
  6 eidola
  Snorg (D:14)
  9 fire dragons
  Josephine (D:11)
  2 quicksilver dragon zombies
  12 great orbs of eyes
  9 deep elf high priests
  10 jiangshi
  The ghost of Ipucrunamu the Cleaver, a journeyman MiBe of Trog (Lair:2)
  A hell beast (Depths:5)
  13 ice dragons
  21 yaktaur captains
  6 hydras
  21 ogre magi
  7 rakshasas
  39 vault guards
  A quicksilver dragon skeleton (Hell)
  4 spriggan air magi
  4 merfolk avatars
  An alligator snapping turtle (Shoals:2)
  3 merfolk aquamancers (Shoals:4)
  3 catoblepae
  59 two-headed ogres
  A satyr (Shoals:3)
  7 centaur warriors
  9 death knights
  9 tengu warriors
  3 death yaks
  11 deep troll shamans
  A titan zombie (Hell)
  12 hell knights
  A queen ant (Spider:3)
  32 dancing weapons
  An orc high priest (Elf:1)
  6 vampire magi
  7 deep troll earth magi
  8 spriggan berserkers
  8 sun demons
  11 soul eaters
  A fire crab (D:14)
  37 deep elf knights
  A storm dragon skeleton (Vaults:3)
  3 iron golems (Hell)
  5 titan skeletons
  7 iron trolls
  6 unseen horrors
  3 salamander mystics
  5 shadow wraiths
  2 death drakes (shapeshifter)
  13 sea snakes
  24 deep trolls
  An entropy weaver zombie (Crypt:1)
  40 skeletal warriors
  2 sixfirhies (Depths:5)
  An anaconda zombie (Hell)
  8 glowing orange brains
  A shadow demon (D:15)
  A shadow dragon zombie (Hell)
  16 ironbrand convokers
  28 harpies
  A tengu zombie (Vaults:3)
  24 deep elf archers
  2 lindwurms (shapeshifter)
  A kraken simulacrum (Shoals:4)
  Pikel (D:5)
  4 flayed ghosts
  16 orc knights
  2 anaconda skeletons
  9 phantasmal warriors
  13 necromancers
  9 wizards
  A harpy (shapeshifter) (Depths:4)
  25 wolf spiders
  2 wolf spider zombies
  69 deep elf magi
  66 ugly things
  19 manticores
  5 orc sorcerers
  22 moths of wrath
  3 sphinx skeletons
  2 fire giant zombies
  11 orb spiders
  A salamander (shapeshifter) (Vaults:5)
  2 shining eyes
  8 fauns
  A moth of wrath (shapeshifter) (Vaults:5)
  6 fire giant skeletons
  15 cyclopes
  2 iron dragon skeletons (Crypt:3)
  9 elephants (Lair:5)
  6 merfolk sirens
  9 salamanders
  6 black mambas
  3 water nymphs
  3 centaur zombies (D:15)
  11 vault sentinels
  3 frost giant skeletons
  A naga mage (D:15)
  2 ice statues (Hell)
  5 rust devils
  2 torpor snails
  6 stone giant skeletons
  2 molten gargoyles
  2 black mambas (shapeshifter)
  2 orc skeletons (Vaults:2)
  2 orange demons (D:13)
  A black draconian zombie (Crypt:3)
  2 smoke demons
  A dire elephant skeleton (Hell)
  24 spiny frogs
  A purple draconian zombie (Crypt:3)
  A rime drake (shapeshifter) (Elf:2)
  A yaktaur (shapeshifter) (Depths:2)
  3 human zombies
  A hellion (Depths:5)
  3 rime drakes
  2 yaktaur zombies (Vaults:3)
  A yaktaur skeleton (Vaults:2)
  23 freezing wraiths
  7 komodo dragons
  66 yaktaurs
  A green draconian skeleton (Crypt:1)
  4 ice devils
  12 demonic crawlers
  4 hellwings
  4 tengu conjurers
  7 human skeletons
  5 hydra zombies (Hell)
  11 red devils
  A queen ant zombie (Crypt:2)
  A meliai (shapeshifter) (Vaults:3)
  21 merfolk
  A wind drake (shapeshifter) (Vaults:2)
  A jumping spider (shapeshifter) (D:15)
  12 trolls
  A troll (shapeshifter) (Depths:3)
  A tengu simulacrum (Vaults:5)
  2 merfolk (shapeshifter)
  A polar bear (shapeshifter) (D:15)
  5 tyrant leeches (Lair:6)
  2 queen bees (shapeshifter)
  26 blink frogs
  A harpy skeleton (Crypt:3)
  37 jumping spiders
  An ettin zombie (Hell)
  A tyrant leech (shapeshifter) (Vaults:5)
  3 hydra skeletons
  5 wind drakes
  16 dream sheep
  7 hippogriffs
  14 hornets
  5 snapping turtles
  A hippogriff (shapeshifter) (Depths:3)
  3 fire dragon zombies
  A frost giant simulacrum (Hell)
  A meliai zombie (D:13)
  85 slime creatures
  A sphinx simulacrum (Vaults:2)
  A fire giant simulacrum (Hell)
  5 flying skulls (Crypt:3)
  A stone giant simulacrum (Vaults:2)
  An alligator zombie (Hell)
  2 human simulacra
  5 spriggans
  A fire dragon skeleton (Crypt:3)
  An alligator skeleton (Hell)
  25 tarantellas
  4 wyverns
  A wyvern (shapeshifter) (D:15)
  54 redbacks
  6 water elementals
  3 ettin skeletons
  54 yaks
  2 ynoxinuls
  A black mamba skeleton (Crypt:3)
  A dire elephant simulacrum (Hell)
  8 fire elementals
  12 wraiths
  2 hogs (shapeshifter)
  3 humans (shapeshifter)
  A fire bat (shapeshifter) (D:15)
  21 humans (D:14)
  A steam dragon (D:12)
  10 vampire mosquitoes
  4 chaos spawn
  4 neqoxecs
  A golden eye (Slime:4)
  3 basilisks
  A steam dragon (shapeshifter) (D:15)
  Grum (D:10)
  Menkaure (D:5)
  A hungry ghost (D:10)
  3 large abominations (Depths:4)
  A yaktaur simulacrum (Vaults:1)
  11 wargs
  9 hell hounds
  25 soldier ants
  2 acid dragons (D:14)
  9 water moccasins
  A water moccasin (shapeshifter) (Vaults:5)
  A spiny frog zombie (Hell)
  9 porcupines
  Duvessa (D:5)
  A gelid demonspawn skeleton (Crypt:1)
  A floating eye (Depths:2)
  42 orc warriors
  A black bear (D:13)
  A hornet zombie (D:15)
  A sky beast (shapeshifter) (Depths:3)
  3 sky beasts
  4 slaves
  A black bear (shapeshifter) (Vaults:2)
  A black mamba simulacrum (Hell)
  4 ice beasts
  5 eyes of draining
  15 wolves
  14 boggarts
  An elephant zombie (Crypt:2)
  9 small abominations
  3 phantoms
  A necrophage (D:8)
  73 ogres
  A swamp dragon skeleton (Crypt:3)
  9 crocodiles
  A snapping turtle skeleton (Crypt:3)
  2 centaurs (shapeshifter)
  9 centaurs
  A big kobold (shapeshifter) (Depths:3)
  4 big kobolds
  A hog skeleton (Crypt:1)
  A salamander zombie (Crypt:3)
  28 bullfrogs
  A cyclops zombie (Crypt:3)
  4 earth elementals
  A gnoll sergeant (D:5)
  A spiny frog simulacrum (Hell)
  A hippogriff skeleton (Crypt:1)
  Dowan (D:5)
  A hornet simulacrum (D:14)
  7 killer bees
  9 scorpions
  An elf simulacrum (Vaults:3)
  6 howler monkeys
  15 wights
  3 electric eels
  7 crimson imps
  5 bullfrog zombies
  A basilisk zombie (Crypt:3)
  3 quasits
  6 hounds
  19 orc priests
  A black bear zombie (Crypt:2)
  A bullfrog skeleton (D:6)
  2 gnoll shamans
  3 jellies
  4 centaur skeletons
  3 iron imps
  An iguana (D:10)
  Ijyb (D:4)
  18 orc wizards
  A worker ant (shapeshifter) (Vaults:5)
  31 worker ants
  An ogre zombie (Hell)
  An acid dragon skeleton (Crypt:2)
  2 hound skeletons
  A howler monkey zombie (D:10)
  Robin (D:1)
  3 worker ant zombies
  14 gnolls
  7 adders
  A shadow imp (D:10)
  2 adder skeletons (D:4)
  An iguana skeleton (Crypt:3)
  3 worms
  The ghost of GordonOverkill the Skirmisher, a weakling FoAK of Lugonu (D:3)
  A dart slug (D:3)
  4 leopard geckos
  112 orcs
  A ball python (D:1)
  A bat skeleton (Crypt:3)
  A giant cockroach (D:1)
  16 goblins
  6 hobgoblins
  5 jackals
  10 kobolds
  2 quokkas
  8 bats
  6 frilled lizards
  A frilled lizard skeleton (Crypt:3)
  A giant cockroach zombie (D:5)
  A hobgoblin zombie (Crypt:1)
  A jackal zombie (D:8)
  A leopard gecko skeleton (D:4)
  2 quokka skeletons (D:7)
  5 rats
  A rat zombie (Crypt:3)
  A bush (Lair:2)
  A fungus (Lair:3)
  A tentacle (Shoals:4)
2918 creatures vanquished.

Vanquished Creatures (collateral kills)
  the Royal Jelly (Slime:5)
  Margery (Vaults:4)
  A curse toe (Zot:3)
  A caustic shrike (Depths:4)
  4 acid blobs (Slime:5)
  A tengu reaver (Vaults:1)
  4 azure jellies (Slime:5)
  A frost giant (Depths:2)
  2 vault wardens (Vaults:1)
  An ironheart preserver (Vaults:1)
  An entropy weaver (Vaults:4)
  A very ugly thing (Vaults:1)
  A vampire knight (Depths:1)
  4 death oozes (Slime:5)
  An ettin (Depths:2)
  A fire dragon (Vaults:1)
  An ice dragon (Vaults:1)
  2 ogre magi (Vaults:1)
  2 yaktaur captains (Vaults:4)
  A great orb of eyes (Slime:5)
  A vault guard (Vaults:1)
  A catoblepas (Lair:5)
  A tengu warrior (Depths:2)
  2 spriggan berserkers (Depths:2)
  2 hell knights (Depths:1)
  A deep elf knight (Vaults:1)
  A deep troll (Vaults:1)
  2 skeletal warriors
  2 deep elf archers (Vaults:3)
  2 ironbrand convokers (Vaults:3)
  An orc sorcerer (Vaults:1)
  A deep elf mage (Vaults:1)
  2 manticores (Lair:5)
  A moth of wrath (Zot:3)
  A slime creature (Vaults:1)
  3 freezing wraiths
  5 yaktaurs (Vaults:4)
  A troll (Vaults:1)
  2 hornets (Spider:4)
  4 redbacks (Vaults:4)
  5 golden eyes
  A warg (Vaults:1)
  An orc warrior (Vaults:1)
  A boggart (Vaults:3)
  An orc wizard (Vaults:3)
  An orc (Vaults:1)
78 creatures vanquished.

Vanquished Creatures (others)
  An Orb Guardian (Zot:4)
  A tengu reaver (Depths:1)
  2 deep elf knights
  An anaconda skeleton (Hell)
  A deep elf mage (Elf:1)
  2 necromancers
  An ugly thing (Depths:1)
  A salamander (Depths:4)
  2 moths of wrath (Zot:5)
  A yaktaur (Vaults:1)
  A tarantella (Spider:1)
  A boggart (Depths:4)
  A human (D:7)
  A wight (D:11)
  A crimson imp (Hell)
  A worker ant (Spider:3)
  3 bushes
  13 fungi
  73 plants
  7 tentacles (Shoals:4)
115 creatures vanquished.

Grand Total: 3111 creatures vanquished

Notes
Turn   | Place    | Note
-------+----------+-------------------------------------------
     0 | D:1      | GordonOverkill the Halfling Air Elementalist began the quest for the Orb.
     0 | D:1      | Reached XP level 1. HP: 11/11 MP: 3/3
   424 | D:1      | Reached XP level 2. HP: 17/17 MP: 0/4
   998 | D:2      | Noticed Robin
  1008 | D:2      | Reached XP level 3. HP: 21/21 MP: 0/5
  1334 | D:1      | Killed Robin
  1334 | D:1      | Reached skill level 1 in Maces & Flails
  1645 | D:2      | Found a faded altar of an unknown god.
  1773 | D:2      | Reached XP level 4. HP: 27/27 MP: 0/6
  2978 | D:3      | Noticed GordonOverkill's ghost (weakling FoAK)
  2983 | D:3      | Found a runed gate.
  2983 | D:3      | Found a runed gate.
  2983 | D:3      | Found a runed gate.
  2983 | D:3      | Noticed an ogre
  3019 | D:3      | Found a blossoming altar of Fedhas.
  3222 | D:3      | Found a glowing silver altar of Zin.
  3258 | D:3      | Reached skill level 1 in Fighting
  3258 | D:3      | Reached XP level 5. HP: 31/33 MP: 7/7
  3663 | D:4      | Noticed Ijyb
  3668 | D:4      | Paralysed by Ijyb for 6 turns
  3674 | D:4      | Killed Ijyb
  3989 | D:4      | Reached XP level 6. HP: 39/39 MP: 8/8
  4017 | D:4      | Found a shadowy altar of Dithmenos.
  4711 | D:4      | Noticed a phantom
  4761 | D:4      | Killed a phantom
  4761 | D:4      | Reached XP level 7. HP: 30/46 MP: 9/9
  5436 | D:5      | Entered Level 5 of the Dungeon
  6148 | D:5      | Found a sacrificial altar of Ru.
  6160 | D:5      | Reached XP level 8. HP: 54/54 MP: 10/10
  6162 | D:5      | Noticed Menkaure
  6170 | D:5      | You fall through a shaft!
  6182 | D:6      | Reached skill level 5 in Maces & Flails
  6594 | D:6      | Reached skill level 5 in Fighting
  6958 | D:5      | Noticed Duvessa
  6964 | D:5      | Killed Duvessa
  6967 | D:5      | Noticed Dowan
  6976 | D:5      | Killed Menkaure
  6976 | D:5      | Reached XP level 9. HP: 61/61 MP: 11/11
  6977 | D:5      | Killed Dowan
  7243 | D:5      | Found a staircase to the Ecumenical Temple.
  7252 | Temple   | Entered the Ecumenical Temple
  7316 | Temple   | Became a worshipper of Trog the Wrathful
  7368 | D:5      | Noticed Pikel
  7402 | D:5      | Killed Pikel
  7464 | D:4      | Found a radiant altar of Vehumet.
  7464 | D:4      | Found a shattered altar of Ashenzari.
  7494 | D:5      | Found a bloodstained altar of Trog.
  8575 | D:7      | Reached * piety under Trog
  8598 | D:7      | Noticed a hornet
  8606 | D:7      | Paralysed by a hornet for 3 turns
  8611 | D:7      | Killed a hornet
  8611 | D:7      | Reached skill level 10 in Maces & Flails
  8865 | D:7      | Reached XP level 10. HP: 66/66 MP: 12/12
  8875 | D:7      | Got a transparent long sword
  8966 | D:7      | Found an iron altar of Okawaru.
  8966 | D:7      | Found a hazy altar of Hepliaklqana.
  8983 | D:7      | Found an ancient bone altar of Kikubaaqudgha.
  9708 | D:8      | You fall through a shaft for 3 floors!
  9708 | D:11     | Noticed Josephine
  9708 | D:11     | Noticed a cyclops
  9708 | D:11     | Noticed a green ugly thing
  9708 | D:11     | Noticed a two-headed ogre
  9711 | D:10     | Entered Level 10 of the Dungeon
  9807 | D:9      | Reached ** piety under Trog
  9878 | D:9      | Found a staircase to the Orcish Mines.
 10190 | D:8      | Found a sparkling altar of Nemelex Xobeh.
 10769 | D:9      | Found a snail-covered altar of Cheibriados.
 11007 | D:10     | Found a burning altar of Makhleb.
 11008 | D:10     | Noticed a komodo dragon
 11040 | D:10     | Killed a komodo dragon
 11100 | D:10     | Noticed a two-headed ogre
 11111 | D:10     | Killed a two-headed ogre
 11111 | D:10     | Reached XP level 11. HP: 71/71 MP: 13/13
 11267 | D:10     | Reached skill level 1 in Shields
 11542 | D:10     | Noticed a manticore
 11555 | D:10     | Killed a manticore
 11555 | D:10     | Reached skill level 5 in Shields
 11802 | D:10     | Reached skill level 1 in Armour
 11911 | D:10     | Reached *** piety under Trog
 12054 | D:10     | Found a staircase to the Lair.
 12060 | D:10     | Noticed Grum
 12090 | D:10     | Killed Grum
 12219 | D:10     | Found a portal to a secret trove of treasure.
 12393 | D:11     | Killed Josephine
 12473 | D:11     | Noticed a cyclops
 12522 | D:10     | Killed a two-headed ogre
 12522 | D:10     | Reached skill level 5 in Armour
 12528 | D:10     | Reached XP level 12. HP: 75/80 MP: 7/14
 12874 | D:11     | Noticed a two-headed ogre
 12884 | D:11     | Reached **** piety under Trog
 12884 | D:11     | Reached skill level 1 in Evocations
 12889 | D:11     | Killed a two-headed ogre
 12914 | Lair:1   | Entered Level 1 of the Lair of Beasts
 13437 | Lair:1   | Noticed an eight-headed hydra
 13446 | Lair:1   | Killed an eight-headed hydra
 14389 | Lair:2   | Found a runed door.
 14389 | Lair:2   | Found a shimmering altar of Xom.
 14389 | Lair:2   | Noticed Ipucrunamu's ghost (journeyman MiBe)
 14390 | Lair:2   | Noticed a war axe of chaos
 14465 | Lair:2   | Found a staircase to the Shoals.
 14558 | Lair:2   | Reached XP level 13. HP: 76/90 MP: 16/16
 15037 | Lair:3   | Found a hole to the Spider Nest.
 15068 | Lair:3   | Reached skill level 10 in Fighting
 15735 | Lair:3   | Reached ***** piety under Trog
 16639 | Lair:4   | Noticed a six-headed hydra
 16652 | Lair:4   | Killed a six-headed hydra
 16652 | Lair:4   | Reached skill level 10 in Armour
 16728 | Lair:4   | Noticed a five-headed hydra
 16740 | Lair:4   | Killed a five-headed hydra
 17438 | Lair:5   | Noticed a catoblepas
 17625 | Lair:5   | Killed a catoblepas
 18243 | Lair:5   | Reached XP level 14. HP: 70/99 MP: 17/17
 18923 | Lair:6   | Entered Level 6 of the Lair of Beasts
 19077 | Lair:6   | Received a gift from Trog
 19817 | Lair:5   | Received a gift from Trog
 20865 | Lair:6   | Reached XP level 15. HP: 112/112 MP: 18/18
 21347 | Lair:6   | Found a staircase to the Slime Pits.
 21708 | D:3      | Killed GordonOverkill's ghost
 23094 | D:12     | Found Norghata's Food Emporium.
 23162 | D:12     | Received a gift from Trog
 23765 | D:12     | Reached skill level 15 in Fighting
 24040 | D:13     | Reached skill level 5 in Dodging
 24815 | D:13     | Found Eshet's Book Shoppe.
 25271 | D:14     | Noticed Snorg
 25312 | D:14     | Killed Snorg
 25436 | D:14     | Found a runed door.
 25439 | D:14     | Found a runed door.
 25440 | D:14     | Noticed a lich
 25441 | D:14     | Noticed a fire giant
 25441 | D:14     | Noticed Elilow's ghost (journeyman BaHu)
 25724 | D:14     | Received a gift from Trog
 26019 | D:14     | Found a gate to the Vaults.
 26066 | D:14     | Reached XP level 16. HP: 119/122 MP: 19/19
 26573 | D:15     | Entered Level 15 of the Dungeon
 26947 | D:15     | Found a runed gate.
 27551 | D:15     | Found a staircase to the Depths.
 27582 | D:15     | Reached skill level 15 in Maces & Flails
 27851 | D:15     | Found a runed gate.
 27855 | D:15     | Found a runed gate.
 28333 | Orc:1    | Entered Level 1 of the Orcish Mines
 28333 | Orc:1    | Found Ceadoluo's Antique Armour Emporium.
 28554 | Orc:1    | Bought a bloodstained plate armour for 560 gold pieces
 28554 | Orc:1    | Bought a pair of glowing boots for 150 gold pieces
 28575 | Orc:1    | Identified the +2 plate armour of Rahobada {rC+} (You bought it in a shop on level 1 of the Orcish Mines)
 28669 | Orc:2    | Entered Level 2 of the Orcish Mines
 28670 | Orc:2    | Found a staircase to the Elven Halls.
 28753 | Orc:1    | Received a gift from Trog
 29696 | Orc:1    | Reached XP level 17. HP: 112/127 MP: 20/20
 29729 | Orc:2    | Paralysed by an ogre mage for 7 turns
 30067 | Orc:2    | Found Wawneoge's Weapon Shoppe.
 30067 | Orc:2    | Found Coen's Jewellery Boutique.
 30068 | Orc:2    | Found Rerghewn's Armour Shop.
 30068 | Orc:2    | Found Kuixuf's Antique Armour Shoppe.
 30091 | Orc:2    | Bought a pair of runed gloves for 262 gold pieces
 30098 | Orc:2    | Bought a +4 plate armour of magic resistance for 800 gold pieces
 30212 | Orc:1    | Found Ukhlups's Food Emporium.
 30652 | Orc:1    | Bought a runed chain mail for 150 gold pieces
 30652 | Orc:1    | Bought a shiny chain mail for 150 gold pieces
 30832 | Spider:1 | Entered Level 1 of the Spider Nest
 30839 | Spider:1 | Noticed Nikola
 30857 | Spider:1 | Killed Nikola
 31137 | Spider:1 | Noticed Louise
 31165 | Spider:1 | Killed Louise
 31373 | Spider:1 | Received a gift from Trog
 31642 | Spider:1 | Got an ichor-stained cloak
 31643 | Spider:1 | Identified the +0 cloak of Fyanik {+Inv rF- rN+ Slay+5} (You found it on level 1 of the Spider Nest)
 32266 | Spider:2 | Paralysed by a hornet for 2 turns
 32794 | Spider:3 | Reached ****** piety under Trog
 32799 | Spider:3 | Received a gift from Trog
 33102 | Spider:3 | Reached XP level 18. HP: 105/139 MP: 0/21
 33921 | Orc:2    | Bought an uncursed ring of see invisible for 195 gold pieces
 34267 | Spider:4 | Entered Level 4 of the Spider Nest
 34622 | Spider:4 | Received a gift from Trog
 36149 | Spider:4 | Got a gossamer rune of Zot
 36440 | Vaults:1 | Entered Level 1 of the Vaults
 36567 | Vaults:1 | Received a gift from Trog
 36896 | Vaults:1 | Reached XP level 19. HP: 150/150 MP: 22/22
 37881 | Vaults:1 | Reached skill level 10 in Dodging
 37892 | Vaults:1 | Received a gift from Trog
 38051 | Vaults:1 | Got a coiled bronze amulet
 38343 | Vaults:1 | Got a slimy garnet amulet
 38344 | Vaults:1 | Identified the amulet of Enoja {Inacc rC+ Dex+6} (You found it on level 1 of the Vaults)
 38345 | Vaults:1 | Identified the amulet "Naoppeix" {rC+ rN+ Regen+ Str+3 Stlth+} (You took it off a vampire knight on level 1 of the Vaults)
 38506 | Vaults:1 | Got slimy ice dragon scales
 38507 | Vaults:1 | Identified the +2 ice dragon scales "Vusioneb" {rF- rC++ Str+3} (You took it off a yaktaur captain on level 1 of the Vaults)
 39101 | Vaults:1 | Received a gift from Trog
 39414 | Vaults:1 | Reached XP level 20. HP: 158/158 MP: 23/23
 39724 | Orc:2    | Bought an uncursed ring of protection from fire for 325 gold pieces
 39871 | Vaults:2 | Found Laeffamm's Distillery.
 39959 | Vaults:2 | Bought a potion of haste for 160 gold pieces
 39959 | Vaults:2 | Bought a potion of might for 64 gold pieces
 39959 | Vaults:2 | Bought 2 potions of might for 128 gold pieces
 39959 | Vaults:2 | Bought a potion of cancellation for 128 gold pieces
 39959 | Vaults:2 | Bought 2 potions of agility for 128 gold pieces
 40682 | Vaults:2 | Identified a scroll of acquirement
 40685 | Vaults:2 | Got a pitted hat
 40686 | Vaults:2 | Identified the +1 hat of the Onion {rCorr Int+5 Dex-2} (You acquired it on level 2 of the Vaults)
 40833 | Vaults:2 | Reached skill level 15 in Armour
 40993 | Vaults:2 | Received a gift from Trog
 41714 | Vaults:2 | Found a staircase to the Crypt.
 42397 | Vaults:2 | Received a gift from Trog
 42661 | Vaults:3 | Reached XP level 21. HP: 164/164 MP: 24/24
 42725 | Vaults:3 | Found the ring of Robustness {AC+8}
 43003 | Vaults:3 | Reached skill level 15 in Dodging
 43323 | Vaults:3 | Noticed Mara
 43337 | Vaults:3 | Noticed GordonOverkill's illusion
 43503 | Vaults:4 | Received a gift from Trog
 43894 | Vaults:4 | Reached skill level 10 in Shields
 44618 | Vaults:4 | Noticed Margery
 44640 | Vaults:4 | Killed Margery
 45080 | Vaults:4 | Received a gift from Trog
 45186 | Vaults:4 | Reached XP level 22. HP: 171/171 MP: 24/26
 46633 | Vaults:3 | Killed Mara
 46957 | Depths:1 | Entered Level 1 of the Depths
 47001 | D:15     | Received a gift from Trog
 47001 | D:15     | Reached XP level 23. HP: 176/176 MP: 28/28
 47376 | Depths:1 | Found a one-way gate to the infinite horrors of the Abyss.
 47482 | D:15     | Reached skill level 15 in Shields
 47604 | Depths:1 | Found a gateway to Hell.
 47612 | Depths:1 | Noticed Sojobo
 47825 | Depths:1 | Killed Sojobo
 48830 | Depths:2 | Noticed a caustic shrike
 48833 | Depths:2 | Noticed a caustic shrike
 48843 | Depths:2 | Killed a caustic shrike
 48853 | Depths:2 | Killed a caustic shrike
 48861 | Depths:2 | Noticed a juggernaut
 49231 | Depths:2 | Noticed a golden dragon
 49260 | Depths:2 | Killed a golden dragon
 49645 | Depths:2 | Paralysed by something for 5 turns
 50088 | Depths:2 | Paralysed by a great orb of eyes for 7 turns
 50110 | Depths:2 | Paralysed by a great orb of eyes for 3 turns
 50247 | Depths:2 | Paralysed by something for 5 turns
 50264 | Depths:1 | Reached XP level 24. HP: 100/187 MP: 28/28
 50448 | Depths:2 | Killed a juggernaut
 50542 | Depths:2 | Noticed a caustic shrike
 50555 | Depths:2 | Killed a caustic shrike
 51219 | Depths:2 | Received a gift from Trog
 51831 | Depths:3 | Noticed a juggernaut
 51988 | Depths:2 | Killed a juggernaut
 52098 | Depths:3 | Noticed a caustic shrike
 52304 | Depths:2 | Killed a caustic shrike
 52412 | Depths:2 | Paralysed by a floating eye for 2 turns
 52632 | Depths:2 | Paralysed by a ghostly great orb of eyes for 2 turns
 53161 | Depths:3 | Reached XP level 25. HP: 182/198 MP: 28/28
 53321 | Depths:3 | Received a gift from Trog
 53366 | Depths:3 | Found a glowing golden altar of the Shining One.
 53466 | Depths:3 | Found a one-way gate leading to the halls of Pandemonium.
 53634 | Depths:3 | Noticed Asterion
 53662 | Depths:3 | Killed Asterion
 54410 | Depths:4 | Noticed a caustic shrike
 54412 | Depths:4 | Noticed a caustic shrike
 54412 | Depths:4 | Noticed a caustic shrike
 54415 | Depths:4 | Noticed a caustic shrike
 54417 | Depths:4 | Noticed a caustic shrike
 54429 | Depths:3 | Killed a caustic shrike
 54436 | Depths:3 | Killed a caustic shrike
 54443 | Depths:3 | Killed a caustic shrike
 54532 | Depths:3 | Killed a caustic shrike
 54540 | Depths:3 | Killed a caustic shrike
 55049 | Depths:4 | Noticed a caustic shrike
 55050 | Depths:4 | Noticed a caustic shrike
 55064 | Depths:4 | Killed a caustic shrike
 55071 | Depths:4 | Killed a caustic shrike
 55282 | Depths:4 | Noticed a caustic shrike
 55290 | Depths:4 | Killed a caustic shrike
 55578 | Depths:4 | Received a gift from Trog
 55775 | Depths:4 | Reached XP level 26. HP: 179/210 MP: 28/28
 56400 | Depths:4 | Noticed Saint Roka
 56589 | Depths:4 | Killed Saint Roka
 56867 | Depths:5 | Entered Level 5 of the Depths
 57080 | Depths:5 | Received a gift from Trog
 57584 | Depths:5 | Found a magical portal.
 57771 | Depths:5 | Found a glowing golden altar of the Shining One.
 58096 | Depths:5 | Found a gateway to a ziggurat.
 58467 | Depths:5 | Found a gate to the Realm of Zot.
 58768 | Shoals:1 | Entered Level 1 of the Shoals
 59559 | Shoals:2 | Noticed Polyphemus
 59585 | Shoals:2 | Killed Polyphemus
 60261 | Shoals:2 | Reached XP level 27. HP: 212/221 MP: 28/28
 60595 | Shoals:3 | Received a gift from Trog
 61338 | Shoals:4 | Entered Level 4 of the Shoals
 61338 | Shoals:4 | Found Qedowuef's Antique Weapon Emporium.
 61644 | Shoals:4 | Got a barnacled rune of Zot
 61962 | Shoals:4 | Got a twisted crystal plate armour
 61963 | Shoals:4 | Identified the +12 crystal plate armour of Zoosseit {rPois MR+ Dex-2} (You found it on level 4 of the Shoals)
 62022 | Shoals:4 | Received a gift from Trog
 62126 | Shoals:4 | Reached skill level 27 in Fighting
 62839 | Elf:1    | Entered Level 1 of the Elven Halls
 63570 | Elf:1    | Found Tiecull's Magic Scroll Shop.
 63606 | Elf:1    | Bought a scroll of fear for 56 gold pieces
 63606 | Elf:1    | Bought a scroll of fear for 56 gold pieces
 63606 | Elf:1    | Bought a scroll of teleportation for 48 gold pieces
 63606 | Elf:1    | Bought a scroll of magic mapping for 56 gold pieces
 63606 | Elf:1    | Bought a scroll of magic mapping for 56 gold pieces
 63606 | Elf:1    | Bought a scroll of magic mapping for 56 gold pieces
 63834 | Elf:1    | Received a gift from Trog
 65431 | Elf:2    | Found a huge runed gate.
 65431 | Elf:2    | Found a huge runed gate.
 65431 | Elf:2    | Found a huge runed gate.
 65431 | Elf:2    | Found a huge runed gate.
 65433 | Elf:2    | Found a huge runed gate.
 65553 | Elf:2    | Received a gift from Trog
 66015 | Elf:3    | Entered Level 3 of the Elven Halls
 66077 | Elf:3    | Found an ancient bone altar of Kikubaaqudgha.
 66805 | Elf:3    | Received a gift from Trog
 68308 | Slime:1  | Entered Level 1 of the Pits of Slime
 68587 | Slime:1  | Received a gift from Trog
 68905 | Slime:3  | Gained mutation: You are frail. (-10% HP) [a shining eye]
 69085 | Slime:5  | Entered Level 5 of the Pits of Slime
 69392 | Slime:5  | Found a viscous altar of Jiyva.
 69393 | Slime:5  | Noticed the Royal Jelly
 69394 | Slime:5  | Found the +4 arc blade {discharge, rElec}
 69415 | Slime:5  | Killed the Royal Jelly
 69544 | Slime:5  | Got a slimy pewter ring
 69545 | Slime:5  | Identified the ring "Fefazue" {+Blink rN+ MR+} (You found it on level 5 of the Pits of Slime)
 69606 | Slime:5  | Got a glittering amber ring
 69607 | Slime:5  | Identified the ring of Liowul {rN++ MR+ Dex+7 Stlth+} (You found it on level 5 of the Pits of Slime)
 69656 | Slime:5  | Got a slimy rune of Zot
 70440 | Zot:1    | Entered Level 1 of the Realm of Zot
 70659 | Vaults:2 | Bought a potion of mutation for 128 gold pieces
 70659 | Vaults:2 | Bought a potion of curing for 48 gold pieces
 70659 | Vaults:2 | Bought a potion of ambrosia for 128 gold pieces
 70898 | Lair:2   | Killed Ipucrunamu's ghost
 71112 | D:14     | Killed Elilow's ghost
 71182 | D:14     | Received a gift from Trog
 71450 | D:15     | Found a runed gate.
 71450 | D:15     | Found a runed gate.
 71455 | D:15     | Found a runed gate.
 71464 | D:15     | Noticed Snarbu88's ghost (adept MiFi)
 71519 | D:15     | Killed Snarbu88's ghost
 71753 | D:15     | Gained mutation: Scrolls take you a little longer to read. [mutagenic glow]
 71781 | D:15     | Gained mutation: You are dopey. (Int -2) [mutagenic glow]
 71847 | D:15     | Gained mutation: You occasionally shout uncontrollably at your foes. [mutagenic glow]
 71901 | D:15     | Gained mutation: Armour fits poorly on your strangely shaped body. [mutagenic glow]
 72221 | D:15     | Lost mutation: You are frail. (-10% HP) [potion of mutation]
 72221 | D:15     | Lost mutation: Scrolls take you a little longer to read. [potion of mutation]
 72221 | D:15     | Lost mutation: Armour fits poorly on your strangely shaped body. [potion of mutation]
 72221 | D:15     | Lost mutation: You are dopey. (Int -2) [potion of mutation]
 72222 | D:15     | Lost mutation: You occasionally shout uncontrollably at your foes. [potion of mutation]
 73531 | Hell     | Entered the Vestibule of Hell
 73531 | Hell     | Noticed Geryon
 74128 | Depths:5 | Received a gift from Trog
 74781 | Hell     | Killed Geryon
 75326 | Hell     | Found a gateway to the Iron City of Dis.
 75712 | Hell     | Received a gift from Trog
 75718 | Hell     | Found a gateway to the freezing wastes of Cocytus.
 76107 | Hell     | Found a gateway to the decaying netherworld of Tartarus.
 76203 | Hell     | Found a gateway to the ashen valley of Gehenna.
 76591 | D:10     | You paid a toll of the horn of Geryon to enter a treasure trove
 76592 | Trove    | Entered a treasure trove
 76601 | Trove    | Got a pair of dazzling gloves
 76602 | Trove    | Identified the +2 pair of gloves of Nemelex Xobeh's Wrath {-Cast rF+ Int+2} (You found it in a treasure trove)
 76615 | Trove    | Got a glittering steel ring
 76626 | Trove    | Identified the ring of Heresy {rPois Int+8} (You found it in a treasure trove)
 76661 | Trove    | Got a scorched morningstar
 76662 | Trove    | Identified the +6 morningstar "Koho Qeu" {pain, +Blink Str+3 Dex-2} (You found it in a treasure trove)
 76818 | Crypt:1  | Entered Level 1 of the Crypt
 76862 | Crypt:1  | Found the +8 storm bow {elec}
 77175 | Crypt:1  | Received a gift from Trog
 78387 | Crypt:2  | Noticed Donald
 78404 | Crypt:2  | Killed Donald
 78567 | Crypt:3  | Entered Level 3 of the Crypt
 78710 | Crypt:3  | Received a gift from Trog
 79786 | Crypt:3  | Received a gift from Trog
 79969 | Crypt:3  | Found a staircase to the Tomb.
 80363 | Crypt:3  | Noticed an ancient lich
 80374 | Crypt:3  | Killed an ancient lich
 80399 | Crypt:3  | Got a slimy glass ring
 80400 | Crypt:3  | Identified the ring "Plog" {Fire Str+4} (You found it on level 3 of the Crypt)
 80596 | Vaults:5 | Entered Level 5 of the Vaults
 80914 | Vaults:5 | Noticed an ancient lich
 80923 | Vaults:5 | Killed an ancient lich
 81097 | Vaults:5 | Reached skill level 27 in Armour
 81264 | Vaults:5 | Got a coiled golden amulet
 81399 | Vaults:5 | Received a gift from Trog
 81411 | Vaults:5 | Got a steaming lead ring
 81632 | Vaults:5 | Noticed an ancient lich
 81649 | Vaults:5 | Killed an ancient lich
 81852 | Vaults:5 | Identified the ring of Insomnia {MR+ Stlth-} (You took it off a tengu reaver on level 5 of the Vaults)
 81853 | Vaults:5 | Identified the amulet of Zoaphudgh {RegenMP +Blink rF+ Dex-3} (You took it off an ogre mage on level 5 of the Vaults)
 82193 | Vaults:5 | Received a gift from Trog
 82493 | Vaults:5 | Got a distressingly furry cloak
 82494 | Vaults:5 | Identified the cursed +0 cloak of Haitott {Int+4} (You found it on level 5 of the Vaults)
 82879 | Vaults:5 | Found Asinaso's Magic Scroll Boutique.
 82884 | Vaults:5 | Bought a scroll of fear for 45 gold pieces
 82884 | Vaults:5 | Bought a scroll of teleportation for 39 gold pieces
 82884 | Vaults:5 | Bought a scroll of silence for 97 gold pieces
 83110 | Vaults:5 | Received a gift from Trog
 83112 | Vaults:5 | Got a silver rune of Zot
 83384 | Vaults:5 | Got a pair of bloodstained gloves
 83385 | Vaults:5 | Identified the +2 pair of gloves of Vehumet's Generosity {*Contam MP+9 Str-3 Dex+5} (You found it on level 5 of the Vaults)
 83454 | Vaults:5 | Found Oteafipn's Food Shoppe.
 83478 | Vaults:5 | Found Exkawk's Distillery.
 83482 | Vaults:5 | Bought a potion of heal wounds for 120 gold pieces
 83482 | Vaults:5 | Bought a potion of haste for 240 gold pieces
 83482 | Vaults:5 | Bought a potion of heal wounds for 120 gold pieces
 86140 | Zot:4    | Received a gift from Trog
 87518 | Zot:5    | Entered Level 5 of the Realm of Zot
 87616 | Zot:5    | Noticed an ancient lich
 87781 | Zot:4    | Received a gift from Trog
 87844 | Zot:4    | Killed an ancient lich
 88792 | Zot:5    | Noticed an ancient lich
 88807 | Zot:5    | Killed an ancient lich
 89058 | Zot:5    | Noticed an orb of fire
 89074 | Zot:5    | Noticed an orb of fire
 89079 | Zot:5    | Killed an orb of fire
 89097 | Zot:5    | Gained mutation: You are weak. (Str -2) [an orb of fire]
 89102 | Zot:5    | Killed an orb of fire
 89111 | Zot:5    | Lost mutation: You are weak. (Str -2) [potion of mutation]
 89111 | Zot:5    | Gained mutation: You have very sharp teeth. [potion of mutation]
 89111 | Zot:5    | Gained mutation: You tend to lose your temper in combat. [potion of mutation]
 89111 | Zot:5    | Gained mutation: You are robust. (+10% HP) [potion of mutation]
 89112 | Zot:5    | Lost mutation: You tend to lose your temper in combat. [potion of mutation]
 89112 | Zot:5    | Lost mutation: You have very sharp teeth. [potion of mutation]
 90281 | Zot:5    | Received a gift from Trog
 90425 | Zot:5    | Noticed an orb of fire
 90427 | Zot:5    | Gained mutation: Your body sometimes deteriorates upon taking damage. [an orb of fire]
 90436 | Zot:5    | Killed an orb of fire
 90436 | Zot:5    | Reached skill level 27 in Dodging
 91237 | Zot:5    | Got the Orb of Zot
 91239 | Zot:5    | Noticed Bialie the pandemonium lord
 91385 | Zot:3    | Lost mutation: Your body sometimes deteriorates upon taking damage. [the power of Zot]
 91403 | Zot:3    | Noticed Ytem Xuinn the pandemonium lord
 91431 | Zot:3    | Killed Ytem Xuinn the pandemonium lord
 91686 | D:14     | Noticed Ozxurauc the pandemonium lord
 91713 | D:14     | Killed Ozxurauc the pandemonium lord
 91782 | D:14     | Gained mutation: Your mind is acute. (Int +2) [a neqoxec]
 91944 | D:6      | Noticed Qualid the pandemonium lord
 91957 | D:6      | Killed Qualid the pandemonium lord
 92032 | D:4      | Noticed Nusac the pandemonium lord
 92248 | D:$      | Escaped with the Orb!

Skill      XL: |  1  2  3  4  5  6  7  8  9 10 11 12 13 14 15 16 17 18 19 20 21 22 23 24 25 26 27 |
---------------+----------------------------------------------------------------------------------+-----
Dodging        | 3 4 9 12 14 15 27 | 27.0
Maces & Flails | 1 2 3 4 7 10 12 13 15 16 18 | 18.8
Fighting       | 1 2 3 4 5 6 9 10 13 15 17 19 20 21 23 24 26 27 | 27.0
Shields        | 6 7 11 13 15 | 15.0
Armour         | 5 6 11 12 13 15 27 | 27.0
Evocations     | 4 6 7 |  7.0
Stealth        | |  2.1
Spellcasting   | |  1.5
Conjurations   | |  0.7
Air Magic      | |  3.0

Action                   |  1- 3 |  4- 6 |  7- 9 | 10-12 | 13-15 | 16-18 | 19-21 | 22-24 | 25-27 || total
-------------------------+-------+-------+-------+-------+-------+-------+-------+-------+-------++-------
Melee: Unarmed           |    11 |       |       |       |       |       |       |       |       ||    11
       Whip              |    33 |   201 |   375 |   842 |  1870 |       |       |       |       ||  3321
       Eveningstar       |       |       |       |       |    96 |  1769 |  1767 |  1798 |  4796 || 10226
       Demon whip        |       |       |       |       |       |       |       |       |  2580 ||  2580
       Morningstar       |       |       |       |       |       |       |       |       |   919 ||   919
Throw: Throwing net      |       |       |       |       |       |       |       |       |     3 ||     3
 Cast: Shock             |    52 |    30 |       |       |       |       |       |       |       ||    82
Invok: Berserk           |       |       |     1 |    17 |    19 |    18 |    17 |    27 |    24 ||   123
       Trog's Hand       |       |       |       |       |     4 |     7 |     9 |     4 |    10 ||    34
       Brothers in Arms  |       |       |       |       |     4 |     1 |    11 |     9 |     6 ||    31
Evoke: Wand              |       |     2 |       |       |       |     7 |       |     2 |    15 ||    26
  Use: Potion            |       |     2 |     2 |       |       |     1 |     3 |     3 |    35 ||    46
       Scroll            |       |       |    21 |    11 |    10 |     5 |    12 |     7 |    51 ||   117
 Stab: Sleeping          |     1 |       |       |       |       |       |       |       |       ||     1
       Petrified         |       |       |       |       |     3 |       |     2 |       |     4 ||     9
       Petrifying        |       |       |       |       |     1 |       |       |       |       ||     1
       Distracted        |       |       |       |       |     1 |     1 |     5 |     3 |     2 ||    12
       Paralysed         |       |       |       |       |       |     2 |       |       |       ||     2
       Invisible         |       |       |       |       |       |       |       |       |    13 ||    13
       Confused          |       |       |       |       |       |       |       |       |     3 ||     3
       Held in net/web   |       |       |       |       |       |       |       |       |     2 ||     2
  Eat: Chunk             |    17 |    11 |    12 |    26 |    52 |    30 |    45 |    39 |    68 ||   300
       Ration            |       |       |       |     1 |     2 |     7 |     3 |     6 |    37 ||    56
Armor: Robe              |    13 |     6 |       |       |       |       |       |       |       ||    19
       Ring mail         |       |    12 |       |       |       |       |       |       |       ||    12
       Scale mail        |       |    31 |    80 |   118 |   197 |       |       |       |       ||   426
       Skin              |       |       |     5 |       |       |       |       |       |       ||     5
       Plate armour      |       |       |       |       |   222 |   347 |   517 |   334 |       ||  1420
       Chain mail        |       |       |       |       |       |   425 |       |       |       ||   425
       Gold dragon scale |       |       |       |       |       |       |       |   472 |  3777 ||  4249
Dodge: Dodged            |    76 |   186 |   246 |   377 |   776 |  1261 |   913 |   889 |  3500 ||  8224
Block: Buckler           |       |       |       |   158 |   562 |   778 |   456 |       |       ||  1954
       Shield            |       |       |       |       |       |       |   270 |  1209 |  5766 ||  7245
